 Dungeon Crawl Stone Soup version 0.29.1-15-g9cfb28693d (webtiles) character file.

Game seed: 7322331443003136055

336 Mysteryquy the Covered (level 6, -4/38 HPs)
             Began as a Gargoyle Fighter on May 2, 2023.
             Slain by Edmund
             ... wielding a +1 flail of protection
              (7 damage)
             ... on level 4 of the Dungeon.
             The game lasted 00:03:26 (3055 turns).

Mysteryquy the Covered (Gargoyle Fighter)           Turns: 3055, Time: 00:03:27

Health: -4/38      AC: 17    Str: 21    XL:     6   Next: 54%
Magic:  6/6        EV:  6    Int:  9    God:
Gold:   165        SH:  4    Dex:  9    Spells: 5/5 levels left

rFire   . . .      SeeInvis .   a - +0 flail
rCold   . . .      Faith    .   c - +0 buckler
rNeg    + . .      Spirit   .   f - +0 plate armour
rPois   ∞          Reflect  .   (no helmet)
rElec   +          Harm     .   r - +0 cloak
rCorr   .          Rampage  .   (no gloves)
Will    .....                   (no boots)
Stlth   ..........              (no amulet)
HPRegen 0.12/turn               (no ring)
MPRegen 0.10/turn               (no ring)

@: no status effects
A: sickness immunity, AC +4, negative energy resistance 1, electricity
resistance, torment resistance 1, petrification resistance
a: no special abilities


You were on level 4 of the Dungeon.
You visited 1 branch of the dungeon, and saw 4 of its levels.

You collected 165 gold pieces.

Inventory:

Hand Weapons
 a - a +0 flail (weapon)
Armour
 b - a +0 scale mail
 c - a +0 buckler (worn)
 f - a +0 plate armour (worn)
 r - a +0 cloak (worn)
Scrolls
 e - a scroll of teleportation {unknown}
 h - 4 scrolls of identify {unknown}
 j - 2 scrolls of amnesia {unknown}
 l - a scroll of torment {unknown}
 m - a scroll of fear {unknown}
 n - 2 scrolls of enchant weapon {unknown}
 s - a scroll of magic mapping {unknown}
 u - a scroll of immolation {unknown}
Potions
 d - a potion of ambrosia {unknown}
 g - a potion of degeneration {unknown}
 i - a potion of lignification {unknown}
 k - a potion of brilliance {unknown}
 o - a potion of cancellation {unknown}
 p - a potion of resistance {unknown}
 q - a potion of heal wounds
 t - a potion of magic {unknown}
 v - a potion of attraction {unknown}


   Skills:
 + Level 4.0 Fighting
 + Level 4.7 Maces & Flails
 + Level 4.9 Armour
 + Level 0.1 Dodging
 + Level 0.5 Stealth
 + Level 4.1 Shields


You had 5 spell levels left.
You didn't know any spells.
Your spell library contained the following spells:

 Spells                   Type           Power      Damage    Failure   Level
 Frozen Ramparts          Ice            0%         1d1       100%        3
 Ice Form                 Ice/Tmut       0%         N/A       100%        4
 Summon Ice Beast         Ice/Summ       0%         N/A       100%        4
 Iskenderun's Battlesphe  Conj           0%         2d6       100%        5
 Iron Shot                Conj/Erth      0%         9d1       100%        6
 Spellforged Servitor     Conj/Summ      0%         N/A       100%        7


Dungeon Overview and Level Annotations

Branches:
Dungeon (4/15)
 Temple: D:4-7

Altars:
Kikubaaqudgha
Wu Jian

Annotations:
D:4 Edmund


Innate Abilities, Weirdness & Mutations

You are immune to sickness and miasma.
Your stone body is resilient. (AC +4)
You are immune to poison.
You resist negative energy. (rN+)
You are resistant to electric shocks. (rElec)
You are resistant to unholy torment.
You are immune to petrification.


Message History

You hit Edmund.
Edmund is severely wounded.
Edmund drinks a potion.
Edmund is healed!
The shadow imp hits you.
You hit Edmund.
Edmund is lightly wounded.
Edmund hits you with a +1 flail of protection.
The shadow imp shouts, "Get thee gone, thou artless fool-headed wormtrail!"
The shadow imp hits you but does no damage.
You hit Edmund but do no damage.
Edmund is lightly wounded.
Edmund hits you but does no damage.
The shadow imp hits you but does no damage.
You hit Edmund.
Edmund is lightly wounded.
Edmund barely misses you.
The shadow imp hits you but does no damage.
The shadow imp barely misses you.
Edmund hits you with a +1 flail of protection!
* * * LOW HITPOINT WARNING * * *
Unknown command.
Unknown command.
You are too injured to fight recklessly!
Unknown command.
You are too injured to fight recklessly!
Unknown command.
You are too injured to fight recklessly!
Unknown command.
You are too injured to fight recklessly!
You are too injured to fight recklessly!
The shadow imp attacks as you move away!
You block the shadow imp's attack. Edmund hits you but does no damage.
The shadow imp laughs crazily.
The shadow imp attacks as you move away!
The shadow imp hits you.
* * * LOW HITPOINT WARNING * * *
Found a stone staircase leading up.
Edmund attacks as you move away! Edmund hits you but does no damage.
Edmund attacks as you move away!
Edmund hits you with a +1 flail of protection!
You die...

<...# #...............
.....### ###.....##.###.#
.. ♣....#######.......#....
...♣.##.....$........##..#.
..♣P...)...................
..P.....######..##.......##
.....##.5.# ##.........##
.... ###@## ..#.......###
... #.@# ............# ..
##................. .
#.............##.#
#....P........##..
.<..≈≈.>......####
....§≈........# #
.....P.##.##### #
...##...... ##


You could see Edmund and a shadow imp.

Vanquished Creatures
  Sigmund (D:3)
  Terence (D:3)
  An orc wizard (D:3)
  Natasha (D:2)
  Ijyb (D:4)
  2 adders
  A white imp (D:4)
  2 worms
  A dart slug (D:1)
  3 orcs (D:3)
  2 ball pythons (D:3)
  3 endoplasms (D:3)
  2 giant cockroaches (D:2)
  4 goblins
  2 hobgoblins (D:3)
  5 jackals
  4 quokkas
  3 bats
  3 frilled lizards
  4 kobolds
  2 rats (D:1)
48 creatures vanquished.

Notes
Turn   | Place    | Note
-------+----------+-------------------------------------------
     0 | D:1      | Mysteryquy the Gargoyle Fighter began the quest for the
                  | Orb.
     0 | D:1      | Reached XP level 1. HP: 14/14 MP: 1/1
   279 | D:1      | Reached XP level 2. HP: 19/19 MP: 2/2
   841 | D:2      | Found an ornate altar of the Wu Jian Council.
  1146 | D:2      | Reached XP level 3. HP: 24/24 MP: 3/3
  1349 | D:2      | Noticed Natasha
  1370 | D:2      | Killed Natasha
  1371 | D:2      | Reached XP level 4. HP: 8/29 MP: 4/4
  2045 | D:3      | Noticed Terence
  2057 | D:3      | Killed Terence
  2364 | D:3      | Identified the +7 falchion "Ochaf" {pain, rN+ rCorr Dex+3}
  2536 | D:3      | Noticed Sigmund
  2545 | D:3      | Killed Sigmund
  2546 | D:3      | Reached XP level 5. HP: 30/33 MP: 5/5
  2546 | D:3      | Reached XP level 6. HP: 34/38 MP: 6/6
  2645 | D:3      | Found an ancient bone altar of Kikubaaqudgha.
  2696 | D:3      | Found a faded altar of an unknown god.
  3028 | D:4      | Noticed Ijyb
  3030 | D:4      | Noticed Edmund
  3039 | D:4      | Killed Ijyb
  3055 | D:4      | Slain by Edmund

Illustrated notes

Levels and vault maps discovered:
D:1:      erik_arrival_blinker_ship, layout_loops_ring
D:2:      layout_basic, basic_altar, uniq_natasha
D:3:      layout_basic, mainiacjoe_overflow_alcove_2, basic_ecumenical_altar,
          uniq_terence, uniq_sigmund
D:4:      layout_rooms, serial_demonic, serial_demonic_f, serial_demonic_g,
          serial_demonic_c, serial_demonic_c, serial_bayou_pond_e,
          kennysheep_crisscross, uniq_edmund, uniq_ijyb, uniq_robin

Skill      XL: |  1  2  3  4 |
---------------+-------------+-----
Maces & Flails | 3 4 |  4.7
Armour         | 4 |  4.9
Fighting       | 4 |  4.0
Shields        | 4 |  4.1
Dodging        | |  0.1
Stealth        | |  0.5

Action                   |  1- 3 |  4- 6 || total
-------------------------+-------+-------++-------
Melee: Flail             |    98 |    90 ||   188
  Use: Potion            |       |     1 ||     1
Armor: Plate armour      |    90 |   100 ||   190
Dodge: Dodged            |    29 |    34 ||    63
Block: Buckler           |    26 |    26 ||    52
